 Dungeon Crawl Stone Soup version 0.15.0-31-geb66e34 (webtiles) character file.

4796 EvilAshe the Martial Artist (level 10, 0/56 HPs)
             Began as a Gargoyle Monk on Sept 14, 2014.
             Was a Follower of Elyvilon.
             Slain by a spiny frog (8 damage)
             ... on Level 1 of the Lair of Beasts.
             The game lasted 00:38:03 (10766 turns).

EvilAshe the Martial Artist (Gargoyle Monk)        Turns: 10766, Time: 00:38:03

HP   0/56        AC 16     Str 15      XL: 10   Next: 48%
MP  16/18        EV 15     Int 11      God: Elyvilon [*.....]
Gold 235         SH  0     Dex 15      Spells:  0 memorised,  9 levels left

rFire  . . .     SeeInvis +       - Unarmed
rCold  . . .     Clarity  .     x - +1 robe of Watchfulness {Slay+3}
rNeg   + . .     rCorr    .     (no shield)
rPois  +         rRot     +     n - +2 helmet
rElec  +         Spirit   .     v - +0 cloak
SustAb +         Warding  .     (no gloves)
rMut   .         Stasis   .     s - +1 pair of boots
Gourm  .                        (no amulet)
MR     .....                    E - ring of sustain abilities
                                t - ring of see invisible

@: not resistant to hostile enchantments, unstealthy
A: negative energy resistance 1, electricity resistance, unbreathing,
petrification resistance, rot immunity, AC +7
a: Lesser Healing, Lesser Self-Healing, Divine Protection, Renounce Religion


You were on level 1 of the Lair of Beasts.
You worshipped Elyvilon.
Elyvilon was aware of your devotion.
You were hungry.

You visited 3 branches of the dungeon, and saw 11 of its levels.

You collected 365 gold pieces.
You spent 130 gold pieces at shops.

Inventory:

Armour
 n - a +2 helmet (worn)
 s - a +1 pair of boots (worn)
 v - a +0 cloak (worn)
 x - the cursed +1 robe of Watchfulness (worn) {Slay+3}
   (You found it on level 6 of the Dungeon)

   It affects your accuracy and damage with ranged weapons and melee attacks
   (+3).
   It has a curse placed upon it.
Magical devices
 q - a wand of lightning (0)
 u - a wand of disintegration (7)
 I - a wand of flame (9)
 J - a wand of flame (17)
Comestibles
 b - 10 bread rations
 i - 4 meat rations
 A - 3 fruits
 D - 6 beef jerkies
 H - a slice of pizza
 N - 3 chunks of giant frog flesh
Scrolls
 c - 5 scrolls of identify {unknown}
 e - 2 scrolls of remove curse
 f - 2 scrolls of teleportation
 h - a scroll of fear {unknown}
 j - 4 scrolls of enchant armour
 l - a scroll of amnesia {unknown}
 m - a scroll of recharging
 p - 2 scrolls of enchant weapon {unknown}
 w - 2 scrolls of noise {unknown}
 y - a scroll of magic mapping {unknown}
 G - a scroll of immolation {unknown}
 L - a scroll of random uselessness {unknown}
 M - 3 scrolls of blinking {unknown}
Jewellery
 r - a +5 ring of intelligence
 t - a ring of see invisible (left hand)
 E - a ring of sustain abilities (right hand)
Potions
 a - a potion of agility {unknown}
 d - a potion of porridge
 g - 3 potions of heal wounds
 k - a potion of invisibility {unknown}
 o - a potion of lignification {unknown}
 z - 5 potions of restore abilities {unknown}
 B - a potion of degeneration {unknown}
 C - a potion of curing {unknown}
 F - a potion of haste


   Skills:
 - Level 3.2 Fighting
 + Level 5.4 Dodging
 - Level 2.1 Stealth
 + Level 13.1 Unarmed Combat
 + Level 5.5 Invocations


You had 9 spell levels left.
You didn't know any spells.

Dungeon Overview and Level Annotations

Branches:
Dungeon (9/15)             Temple (1/1) D:7            Lair (1/8) D:8
    Orc: D:9-12

Altars:
Ashenzari
Cheibriados
Dithmenos
Elyvilon
Fedhas
Kikubaaqudgha
Makhleb
Nemelex Xobeh
Okawaru
Qazlal
Trog
Vehumet
Xom
Yredelemnul
Zin
The Shining One

Shops:
D:7 [!

Annotations:
D:4 Edmund
D:7 exclusions: hill giant and 1 more exclusion


Innate Abilities, Weirdness & Mutations

You are resistant to torment.
You are immune to poison.
Your stone body is very resilient (AC +7).
You resist negative energy.
You are resistant to electric shocks.
You can survive without breathing.
You are immune to petrification.
You are immune to rotting.


Message History

You closely miss the spiny frog.
The spiny frog is heavily wounded.
The spiny frog stings you!
* * * LOW HITPOINT WARNING * * *
Drink which item? (? for menu, Esc to quit)
You feel much better. The spiny frog completely misses you.
You closely miss the spiny frog.
The spiny frog is heavily wounded.
The spiny frog stings you!
You punch the spiny frog! Your punch misses the spiny frog.
The spiny frog is severely wounded.
The spiny frog stings you!
* * * LOW HITPOINT WARNING * * *
Drink which item? (? for menu, Esc to quit)
You feel much better. The spiny frog stings you!
* * * LOW HITPOINT WARNING * * *
You closely miss the spiny frog.
The spiny frog is severely wounded.
The spiny frog stings you!
You die...

. . #... ....
#...##..... .#
.........# ...#
#...#$..# #....
#...#...##
#...###......P#
#...........##..# #
#....#.@F.....# ..#
#..#...>.....#
....###............
......##...........
#................
##########.............
#.....#####...........
.......................
...Y.........>..........


You could see a spiny frog.

Vanquished Creatures
  A komodo dragon (D:8)
  3 yaks (D:9)
  3 water moccasins
  2 sky beasts
  An ice beast (D:8)
  An orc warrior (D:8)
  9 ogres
  A phantom (D:4)
  5 centaurs
  A crocodile (Lair:1)
  6 giant frogs
  A big kobold (D:9)
  A cyclops zombie (D:9)
  2 scorpions
  A troll zombie (D:7)
  A giant frog zombie (D:6)
  A goliath beetle (D:6)
  4 hounds
  A crimson imp (D:5)
  A basilisk zombie (D:9)
  A giant frog skeleton (D:4)
  8 orc priests
  2 jellies
  3 orc wizards
  7 worker ants
  A sky beast zombie (D:7)
  10 gnolls
  8 adders
  A scorpion zombie (D:7)
  3 giant mites
  6 worms
  An iguana zombie (D:9)
  6 giant geckos
  An ooze (D:6)
  24 orcs
  19 bats
  5 giant cockroaches
  17 goblins
  13 hobgoblins
  33 jackals
  2 ball pythons
  2 giant gecko skeletons
  6 giant newts
  A giant newt zombie (D:5)
  A giant spore (D:9)
  A hobgoblin skeleton (D:6)
  17 kobolds
  An orc zombie (D:7)
  5 quokkas
  14 rats
265 creatures vanquished.

Vanquished Creatures (others)
  A yak (Lair:1)
  5 plants
6 creatures vanquished.

Grand Total: 271 creatures vanquished

Notes
Turn   | Place    | Note
--------------------------------------------------------------
     0 | D:1      | EvilAshe, the Gargoyle Monk, began the quest for the Orb.
     0 | D:1      | Reached XP level 1. HP: 14/14 MP: 1/1
   365 | D:1      | Reached XP level 2. HP: 17/19 MP: 2/2
  1022 | D:1      | Reached XP level 3. HP: 23/23 MP: 3/3
  1104 | D:1      | Reached skill level 5 in Unarmed Combat
  1628 | D:2      | Reached XP level 4. HP: 23/28 MP: 4/4
  2489 | D:2      | Reached skill level 6 in Unarmed Combat
  2888 | D:2      | Reached XP level 5. HP: 32/32 MP: 5/5
  3007 | D:3      | Found a shattered altar of Ashenzari.
  3353 | D:3      | Found a radiant altar of Vehumet.
  3611 | D:3      | Reached skill level 7 in Unarmed Combat
  3613 | D:3      | Reached XP level 6. HP: 30/37 MP: 6/6
  4449 | D:4      | Found an ancient bone altar of Kikubaaqudgha.
  4513 | D:4      | Noticed Edmund
  4803 | D:4      | Reached skill level 8 in Unarmed Combat
  4803 | D:4      | Reached XP level 7. HP: 28/41 MP: 7/7
  5373 | D:5      | Entered Level 5 of the Dungeon
  5509 | D:4      | Reached skill level 9 in Unarmed Combat
  5631 | D:5      | HP: 1/41 [orc priest/nerve-wracking pain (3)]
  6021 | D:5      | Reached XP level 8. HP: 42/46 MP: 8/8
  6300 | D:5      | Reached skill level 10 in Unarmed Combat
  6310 | D:5      | Found a burning altar of Makhleb.
  6623 | D:6      | Found a blossoming altar of Fedhas.
  6832 | D:6      | Reached skill level 11 in Unarmed Combat
  7216 | D:6      | Got a colourful robe
  7227 | D:6      | Identified the cursed +1 robe of Watchfulness {Slay+3} (You found it on level 6 of the Dungeon)
  7307 | D:6      | Reached XP level 9. HP: 51/51 MP: 9/9
  7778 | D:5      | Reached skill level 12 in Unarmed Combat
  7848 | D:6      | Found a glowing golden altar of the Shining One.
  7885 | D:6      | Found an iron altar of Okawaru.
  8126 | D:7      | Found Twiegh's Distillery.
  8129 | D:7      | Bought a potion of heal wounds for 30 gold pieces
  8129 | D:7      | Bought a potion of haste for 70 gold pieces
  8129 | D:7      | Bought a potion of heal wounds for 30 gold pieces
  8189 | D:7      | Noticed a hill giant
  8217 | D:7      | Found a staircase to the Ecumenical Temple.
  8229 | Temple   | Entered the Ecumenical Temple
  8301 | Temple   | Became a worshipper of Elyvilon the Healer
  8301 | Temple   | Acquired Elyvilon's first power
  8301 | Temple   | Acquired Elyvilon's second power
  8363 | D:7      | Found a white marble altar of Elyvilon.
  8440 | D:7      | Reached skill level 1 in Invocations
  8552 | D:7      | Found a sparkling altar of Nemelex Xobeh.
  8967 | D:7      | Found a bloodstained altar of Trog.
  8981 | D:7      | Found Weah's Antique Armour Shoppe.
  9072 | D:8      | Found a staircase to the Lair.
  9074 | D:8      | Noticed a komodo dragon
  9104 | D:8      | Killed a komodo dragon
  9225 | D:8      | Found a shadowy altar of Dithmenos.
  9279 | D:8      | Found a stormy altar of Qazlal.
  9414 | D:8      | Reached XP level 10. HP: 56/56 MP: 16/16
  9880 | D:9      | Reached skill level 5 in Dodging
 10092 | D:9      | Reached skill level 5 in Invocations
 10239 | D:9      | Reached skill level 13 in Unarmed Combat
 10552 | Lair:1   | Entered Level 1 of the Lair of Beasts
 10766 | Lair:1   | Slain by a spiny frog

Action                   |  1- 3 |  4- 6 |  7- 9 | 10-12 || total
-------------------------+-------+-------+-------+-------++-------
Melee: Unarmed           |   150 |   327 |   455 |   115 ||  1047
Invok: Lesser Healing    |       |       |    16 |     9 ||    25
Evoke: Wand              |       |       |    12 |     5 ||    17
  Use: Scroll            |       |     4 |       |       ||     4
       Potion            |       |       |       |     2 ||     2
 Stab: Sleeping          |     4 |     4 |     4 |     1 ||    13
       Distracted        |       |       |     2 |       ||     2
  Eat: Chunk             |     2 |    11 |    14 |     5 ||    32
       Pizza             |       |       |     1 |       ||     1
       Beef jerky        |       |       |     1 |       ||     1
